 Dungeon Crawl Stone Soup version 0.18.1-50-g88ac8fd (webtiles) character file.

228 magog001 the Shield-Bearer (level 5, -1/70 HPs)
             Began as a Minotaur Fighter on Jan 21, 2018.
             Slain by an orc warrior
             ... wielding a +0 dire flail
              (7 damage)
             ... on level 4 of the Dungeon.
             The game lasted 00:15:02 (2921 turns).

magog001 the Shield-Bearer (Minotaur Fighter)       Turns: 2921, Time: 00:15:03

Health: -1/70      AC: 22    Str: 22    XL:     5   Next: 71%
Magic:  4/4        EV:  2    Int:  5    God:
Gold:   217        SH:  6    Dex:  9    Spells: 0 memorised, 4 levels left

rFire  . . .     SeeInvis .     a - +0 war axe
rCold  . . .     Gourm    .     (armour currently unavailable)
rNeg   + + +     Faith    .     b - +2 buckler
rPois  +         Spirit   .     (helmet currently unavailable)
rElec  .         Dismiss  .     (cloak currently unavailable)
rCorr  .         Reflect  .     (gloves currently unavailable)
SustAt .         Harm     .     (boots currently unavailable)
MR     .....     NoTele   +     (no amulet)
Stlth  +.........               (no ring)
                                (no ring)

@: tree-form, not resistant to hostile enchantments, very unstealthy
A: (retaliatory headbutt), (horns 0)
a: no special abilities


You were on level 4 of the Dungeon.
You were not hungry.
You were a tree.
You visited 1 branch of the dungeon, and saw 4 of its levels.

You collected 217 gold pieces.

Inventory:

Hand Weapons
 a - a +0 war axe (weapon)
Missiles
 e - 8 javelins (quivered)
 x - 58 sling bullets
Armour
 b - a +2 buckler (worn)
 l - a +0 chain mail (melded)
 q - a +1 cloak (melded)
Scrolls
 n - a scroll of amnesia {unknown}
 t - a scroll of fog {unknown}
Potions
 c - a potion of haste {unknown}
 d - a potion of might
 h - a potion of cancellation {unknown}
 j - a potion of flight
 o - a potion of magic
 p - 2 potions of ambrosia
 u - a potion of mutation {unknown}
Comestibles
 f - 6 bread rations
 w - 3 meat rations
 z - a fruit


   Skills:
 + Level 4.6 Fighting
 * Level 4.5 Axes
 + Level 4.5 Armour
 + Level 1.4 Dodging
 + Level 0.1 Stealth
 + Level 5.0 Shields


You had 4 spell levels left.
You didn't know any spells.

Dungeon Overview and Level Annotations

Branches:
Dungeon (4/15)
 Temple: D:4-7

Altars:
Elyvilon
Gozag


Innate Abilities, Weirdness & Mutations

((You reflexively headbutt those who attack you in melee.))
((You have a pair of horns on your head.))


Message History

Something hits you but does no damage.
You closely miss the orc warrior.
The orc warrior is severely wounded.
You barely miss something.
The orc warrior hits you with a dire flail.
* * * LOW HITPOINT WARNING * * *
Something hits you but does no damage.
You closely miss the orc warrior.
The orc warrior is severely wounded.
You closely miss something.
You hear some strange, mumbled words.
A puff of flame appears from out of thin air!
The puff of flame hits you!
* * * LOW HITPOINT WARNING * * *
You block the orc warrior's attack. Something hits you but does no damage.
You hit the orc warrior but do no damage.
The orc warrior is severely wounded.
You miss something.
The orc warrior hits you with a dire flail!
You die...

#.....####....
....#.............
....#.............
#...#............. #
##...#............. #.
#....#........>.... #..
...)+.....####.... #...
#...#.....#..#....
#....##♣..#.....#..#....
#....o{o..#.....#..#....
#....##...#.....'..#....
###. #...#.....#..#....
# ##'###.....#..#....
#..........#..#....
#..........#..#....
#..........#..#....
#..........#..#....


You could see an orc warrior and an orc.

Vanquished Creatures
  2 orc wizards (D:4)
  A worker ant (D:3)
  4 gnolls (D:3)
  2 adders (D:3)
  An ooze (D:4)
  A worm (D:3)
  3 dart slugs (D:2)
  3 giant geckos
  4 orcs
  A ball python (D:3)
  5 bats
  8 giant cockroaches
  7 goblins
  3 hobgoblins
  7 jackals (D:3)
  7 kobolds
  2 quokkas
  3 giant newts
  9 rats
73 creatures vanquished.

Notes
Turn   | Place    | Note
--------------------------------------------------------------
     0 | D:1      | magog001 the Minotaur Fighter began the quest for the Orb.
     0 | D:1      | Reached XP level 1. HP: 19/19 MP: 0/0
   147 | D:1      | Reached XP level 2. HP: 27/27 MP: 1/1
   703 | D:2      | Found a white marble altar of Elyvilon.
   748 | D:2      | Reached skill level 4 in Shields
   748 | D:2      | Reached XP level 3. HP: 33/33 MP: 2/2
   839 | D:2      | Found a faded altar to an unknown god.
  1778 | D:3      | Reached skill level 1 in Dodging
  1821 | D:3      | Reached XP level 4. HP: 40/40 MP: 3/3
  2139 | D:3      | Reached XP level 5. HP: 32/47 MP: 4/4
  2568 | D:4      | Found an opulent altar of Gozag.
  2900 | D:4      | Noticed an orc warrior
  2912 | D:4      | Reached skill level 5 in Shields
  2921 | D:4      | Slain by an orc warrior

Skill      XL: |  1  2  3  4  5 |
---------------+----------------+-----
Fighting       | 4 |  4.6
Armour         | 4 |  4.5
Shields        | 4 5 |  5.0
Dodging        | 1 |  1.4
Axes           | 3 4 |  4.5
Stealth        | |  0.1

Action                   |  1- 3 |  4- 6 || total
-------------------------+-------+-------++-------
Melee: War axe           |   125 |    71 ||   196
       Headbutt          |    12 |    11 ||    23
  Use: Scroll            |       |     6 ||     6
       Potion            |       |     4 ||     4
  Eat: Chunk             |     3 |     3 ||     6
       Fruit             |       |     1 ||     1
Armor: Scale mail        |    38 |       ||    38
       Chain mail        |    34 |    26 ||    60
       Skin              |       |     8 ||     8
Dodge: Dodged            |    36 |    30 ||    66
Block: Shield            |    64 |    21 ||    85
       Buckler           |       |    13 ||    13
